 Dungeon Crawl Stone Soup version 0.16-a0-331-g39fd2ee (webtiles) character file.

82959 PolkaDot the Summoner (level 15, 0/103 HPs)
             Began as a Vampire Summoner on Sept 8, 2014.
             Was the Champion of Sif Muna.
             Slain by an ettin
             ... wielding a +0 dire flail
              (14 damage)
             ... on Level 14 of the Dungeon on Sept 9, 2014.
             The game lasted 03:02:26 (30029 turns).

PolkaDot the Summoner (Vampire Summoner)           Turns: 30029, Time: 03:02:26

HP   0/103       AC 13     Str  7      XL: 15   Next: 31%
MP  24/41        EV 15     Int 22      God: Sif Muna [******]
Gold 1045        SH  0     Dex 14      Spells:  4 memorised,  3 levels left

rFire  + . .     SeeInvis +     r - +4 demon trident (elec)
rCold  . . .     Clarity  .     e - +4 troll leather armour
rNeg   . . .     rCorr    .     (no shield)
rPois  .         rRot     .     J - +0 helmet {rF+}
rElec  .         Spirit   .     B - +0 cloak
SustAb .         Warding  .     (no gloves)
rMut   .         Stasis   .     Q - +2 pair of boots {Fly}
Gourm  .                        R - amulet of faith
MR     +....                    k - ring of magical power
                                T - ring of magical power

@: flying, regenerating quickly, somewhat resistant to hostile enchantments,
unstealthy
A: bottle blood, fangs 3, see invisible, unbreathing
a: Bottle Blood, Channel Energy, Forget Spell, Renounce Religion, Stop Flying


You were on level 14 of the Dungeon.
You worshipped Sif Muna.
Sif Muna was exalted by your worship.
You were very full.

You visited 3 branches of the dungeon, and saw 23 of its levels.
You also visited: Sewer and Volcano.

You collected 1858 gold pieces.
You spent 813 gold pieces at shops.

Inventory:

Hand weapons
 b - a +0 blowgun
 r - a +4 demon trident of electrocution (weapon)
Missiles
 g - 10 throwing nets (quivered)
 l - 6 curare-tipped needles
 x - 40 poisoned needles
Armour
 e - a +4 troll leather armour (worn)
 B - a +0 cloak (worn)
 J - a +0 helmet of fire resistance (worn)
 Q - a +2 pair of boots of flying (worn)
 X - the +2 shield of Resistance {rF+ rC+ MR+}
   (You bought it in a shop on level 10 of the Dungeon)

   It protects you from fire.
   It protects you from cold.
   It affects your resistance to hostile enchantments.
Magical devices
 n - a wand of hasting (5)
 A - a wand of teleportation (8)
Scrolls
 i - 6 scrolls of teleportation
 m - 4 scrolls of fog
 o - 3 scrolls of recharging
 p - a scroll of immolation
 t - a scroll of torment
 w - a scroll of summoning
 H - 7 scrolls of remove curse
 S - 4 scrolls of magic mapping
Jewellery
 k - a ring of magical power (right hand)
 z - a cursed ring of ice
 R - an amulet of faith (around neck)
 T - a ring of magical power (left hand)
Potions
 c - 4 potions of restore abilities
 f - 3 potions of agility
 s - 3 potions of haste
 u - 12 potions of blood {@*1}
 C - 2 potions of berserk rage
 E - 2 potions of curing
 F - a potion of brilliance
 K - 2 potions of might
 M - a potion of cancellation
 U - 3 potions of resistance
Books
 v - a book of Burglary

   Spells                             Type                      Level
   Swiftness                          Charms/Air                   2
   Passwall                           Transmutation/Earth          3
   Passage of Golubria                Translocation                4
   Lee's Rapid Deconstruction         Earth                        5
   Invisibility                       Hexes                        6
   Darkness                           Hexes                        7
 I - a book of Summonings

   Spells                             Type                      Level
   Abjuration                         Summoning                    3
   Recall                             Summoning/Translocation      3
   Shadow Creatures                   Summoning                    5
   Summon Demon                       Summoning                    5
   *Summon Forest                     Summoning/Translocation      5
   *Monstrous Menagerie               Summoning                    6
Magical staves
 a - an uncursed staff of wizardry


   Skills:
 - Level 5.1 Fighting
 - Level 10.0 Polearms
 - Level 9.0 Dodging
 - Level 3.0 Stealth
 * Level 7.3 Shields
 - Level 3.2 Spellcasting
 + Level 14.5 Summonings
 - Level 7.3 Translocations
 - Level 11.1 Ice Magic
 - Level 4.1 Invocations


You had 3 spell levels left.
You knew the following spells:

 Your Spells              Type           Power        Failure   Level  Hunger
f - Summon Forest         Summ/Tloc      ######....   4%          5    #####..
i - Summon Ice Beast      Ice/Summ       ######..     1%          4    ####...
m - Monstrous Menagerie   Summ           ######....   6%          6    #######
q - Blink                 Tloc           N/A          1%          2    ##.....


Dungeon Overview and Level Annotations

Branches:
Dungeon (14/15)            Temple (1/1) D:6             Orc (0/4) D:12
   Lair (8/8) D:9           Swamp (0/5) Lair:4        Snake (0/5) Lair:3
  Slime (0/6) Lair:7
 Vaults: D:13-14

Altars:
Ashenzari
Cheibriados
Dithmenos
Elyvilon
Gozag
Kikubaaqudgha
Makhleb
Nemelex Xobeh
Okawaru
Qazlal
Sif Muna
Trog
Vehumet
Zin
The Shining One
Beogh
Jiyva

Shops:
D:2 *   D:4 (?:%   D:10 *[:   D:13 }


Innate Abilities, Weirdness & Mutations

Your natural rate of healing is unusually fast.
You can bottle blood from corpses.
You have razor-sharp teeth.
You have supernaturally acute eyesight.
You can survive without breathing.


Message History

Your lindwurm claws the ice dragon.
Your lindwurm claws the ice dragon!
The ice dragon bites your lindwurm!
The ice dragon claws your lindwurm but does no damage.
The ice dragon tramples your lindwurm but does no damage.
The ettin hits your lindwurm with a dire flail!! x2
Your lindwurm dies!
Your lindwurm's corpse disappears in a puff of smoke!
Your lindwurm breathes flames at the ice dragon.
The blast of flame hits the ice dragon.
The ice dragon is burned terribly!
The ice dragon dies!
The blast of flame hits the ettin.
Your lindwurm bites the ettin!
Your lindwurm claws the ettin but does no damage. x2
The ettin hits something with a dire flail!!!
You hit the ettin.
There is a sudden explosion of sparks!
The ettin is almost dead.
The ettin hits you with a dire flail!
* * * LOW HITPOINT WARNING * * *
The ettin hits you with a dire flail!
You die...

##...##.#..# #.#..# #.#.# #
#.#.##.#..###.#..# #.#.# #
#.#.##.#......#.^# #.#.# #
##..#.#...........♣ #.#.# #
...###..########..# #.#.# #
..## ##.#......#..♣ #... #
##.###..#.D....#..# #..# #
..#...#.####.#..♣ #..# #
##.#..#. #.#@.# ##..# #
###..#. #..C.####.♣.########
#..#C #...................
#####..#.
#....#♣♣#...#.######
#...#..#. #.#..#####..#.# #
##.#....######.#...........#
#
.....#............♣####.####
# ######............# #..##
# #.#####♣♣##♣## ##..## #


You could see an ettin.

Vanquished Creatures
  A sphinx (D:14)
  2 centaur warriors (D:13)
  Erica (Lair:8)
  A hydra (Lair:7)
  A tengu warrior (D:14)
  3 death yaks
  A catoblepas (D:14)
  A fire crab (D:14)
  6 hill giants
  An unseen horror (D:14)
  2 ugly things (D:13)
  A phantasmal warrior (D:14)
  A manticore (D:13)
  2 cyclopes
  A griffon (Lair:7)
  4 black mambas
  An elephant (Lair:6)
  A molten gargoyle (Volcano)
  A queen ant (Lair:3)
  2 centaur skeletons
  A torpor snail (Lair:4)
  A spiny frog (Lair:6)
  4 komodo dragons
  7 fire drakes
  2 trolls (D:14)
  5 ice beasts
  2 two-headed ogres
  A harpy skeleton (D:13)
  A giant leech (Lair:8)
  4 ravens (D:14)
  4 basilisks
  12 yaks
  3 wyverns
  A trapdoor spider (D:13)
  A wraith (D:13)
  Eustachio (D:4)
  3 wolves (Lair:8)
  A hungry ghost (D:14)
  A hippogriff (shapeshifter) (D:13)
  2 vampires (D:14)
  2 mottled dragons
  3 hippogriffs
  A hog (shapeshifter) (D:14)
  6 porcupines
  4 soldier ants (Lair:3)
  2 orc warriors
  3 black bears
  3 sky beasts
  A black bear (shapeshifter) (D:13)
  7 crocodiles
  A phantom (D:14)
  5 centaurs
  4 big kobolds
  4 ogres
  10 giant frogs
  4 killer bees
  An eye of draining (D:10)
  A scorpion (D:13)
  5 crimson imps
  Dowan (D:4)
  2 goliath beetles
  A giant frog zombie (D:11)
  10 hounds
  2 jellies
  6 orc priests
  A giant frog skeleton (D:5)
  10 worker ants
  2 orc wizards
  Natasha (D:4)
  5 iguanas
  A killer bee zombie (D:9)
  15 sheep
  A hound skeleton (D:5)
  A gnoll (D:8)
  10 adders
  An orc zombie (D:8)
  24 green rats
  3 shadow imps
  8 worms
  2 giant mites
  2 oozes
  26 orcs
  16 bats
  4 giant cockroaches
  11 hobgoblins
  10 jackals
  10 quokkas
  6 ball pythons
  A giant gecko (D:8)
  8 giant newts
  11 goblins
  15 kobolds
  A kobold zombie (D:6)
  14 rats
  2 ballistomycetes
  A plant (Lair:8)
403 creatures vanquished.

Vanquished Creatures (collateral kills)
  Maud (Lair:4)
  A fire giant (D:14)
  6 hydras
  Harold (D:12)
  2 ice dragons
  A centaur warrior (D:14)
  An ogre mage (Volcano)
  21 death yaks
  Nergalle (Lair:8)
  A giant orange brain (D:14)
  2 catoblepae
  2 lindwurms (Lair:8)
  2 hill giants
  The ghost of Zurvan the Cleaver, an experienced HOFi (D:7)
  An oklob plant (Lair:2)
  A manticore (Lair:8)
  9 elephants (Lair:6)
  A molten gargoyle (Volcano)
  3 black mambas
  2 fire drakes (Lair:8)
  4 komodo dragons
  8 spiny frogs
  A queen bee (shapeshifter) (D:13)
  A freezing wraith (D:14)
  2 giant leeches (Lair:8)
  2 polar bears (Lair:6)
  A troll (D:9)
  8 blink frogs
  2 basilisks
  A boulder beetle (D:14)
  4 two-headed ogres
  A hippogriff (Lair:1)
  A wraith (D:10)
  A shadow (D:14)
  30 yaks
  3 wolves (Lair:8)
  A hungry ghost (D:8)
  A steam dragon (D:8)
  11 water moccasins
  16 soldier ants (Lair:3)
  7 ice beasts
  4 ogres
  8 orc warriors
  2 phantoms
  5 porcupines
  A necrophage (D:7)
  2 big kobolds
  Duvessa (D:4)
  11 crocodiles
  A komodo dragon zombie (D:10)
  Blork the orc (D:4)
  3 brain worms (Lair:8)
  5 giant frogs
  2 scorpions
  7 killer bees
  A troll skeleton (D:10)
  4 crimson imps
  A centaur zombie (D:5)
  4 hounds
  6 orc priests
  3 jellies
  A quasit (D:8)
  A giant frog zombie (D:7)
  A giant frog skeleton (D:8)
  A two-headed ogre skeleton (D:13)
  3 iguanas
  3 orange rats (Lair:8)
  8 orc wizards
  23 worker ants
  29 sheep
  A killer bee zombie (D:8)
  A worker ant zombie (D:8)
  19 green rats
  3 gnolls
  17 adders
  An orc skeleton (D:8)
  A giant mite (D:7)
  A shadow imp (D:8)
  12 worms
  An iguana zombie (D:6)
  A giant gecko (D:4)
  An ooze (Sewer)
  30 orcs
  5 bats
  A bat skeleton (D:8)
  2 giant cockroaches (Sewer)
  6 hobgoblins
  3 quokkas
  A ball python (Sewer)
  A giant newt (D:1)
  A giant spore (D:10)
  A goblin (D:3)
  A hobgoblin skeleton (D:4)
  15 kobolds
  7 rats
  2 rat skeletons
  2 spectral orcs (Lair:8)
  A bush (Lair:8)
  27 fungi
  24 plants
  A snaplasher vine (Lair:8)
498 creatures vanquished.

Vanquished Creatures (others)
  Fannar (D:13)
  An ogre mage (D:14)
  6 manticores
  8 harpies
  7 lindwurms
  A hippogriff (D:10)
  8 dryads
  13 wolves
  50 ice beasts
  3 crimson imps
  14 hounds
  An orc wizard (D:14)
  A shadow imp (D:4)
  3 quokkas
  A bat (D:4)
  A giant spore (D:13)
  2 rats (D:4)
  3 fungi
  4 plants
  10 snaplasher vines
  2663 snaplasher vine segments
2801 creatures vanquished.

Grand Total: 3702 creatures vanquished

Notes
Turn   | Place    | Note
--------------------------------------------------------------
     0 | D:1      | PolkaDot, the Vampire Summoner, began the quest for the Orb.
     0 | D:1      | Reached XP level 1. HP: 13/13 MP: 3/3
   324 | D:1      | Reached XP level 2. HP: 19/19 MP: 4/4
  1003 | D:1      | Learned a level 2 spell: Call Imp
  1094 | D:2      | Reached skill level 5 in Summonings
  1107 | D:2      | Reached XP level 3. HP: 24/24 MP: 6/6
  1112 | D:2      | Learned a level 3 spell: Call Canine Familiar
  1378 | D:2      | Found Gozag's Nutrition Petition.
  1378 | D:2      | Found an opulent altar of Gozag.
  1902 | D:3      | Reached XP level 4. HP: 27/30 MP: 7/7
  2269 | D:3      | Found a glowing drain.
  2290 | D:3      | Reached skill level 6 in Summonings
  2312 | Sewer    | Entered a sewer
  2733 | Sewer    | Noticed a big kobold
  2746 | Sewer    | Killed a big kobold
  2746 | Sewer    | Reached XP level 5. HP: 11/35 MP: 9/9
  2913 | Sewer    | Noticed a big kobold
  2918 | Sewer    | Killed a big kobold
  2918 | Sewer    | Reached skill level 7 in Summonings
  3422 | D:4      | Found a shattered altar of Ashenzari.
  3443 | D:4      | Noticed Blork the orc
  3585 | D:4      | Killed Blork the orc
  3585 | D:4      | Reached XP level 6. HP: 15/41 MP: 6/10
  4042 | D:4      | Found Elesik's Magic Scroll Shoppe.
  4097 | D:4      | Found Effaum's Book Shop.
  4299 | D:4      | Noticed Dowan
  4315 | D:4      | Killed Dowan
  4322 | D:4      | Noticed Duvessa
  4335 | D:4      | Killed Duvessa
  4533 | D:4      | Found Qowkug's Food Shoppe.
  4535 | D:4      | Noticed Eustachio
  4568 | D:4      | Killed Eustachio
  4568 | D:4      | Reached skill level 8 in Summonings
  4763 | D:4      | Found Froew's Weapon Boutique.
  4836 | D:4      | Noticed Natasha
  4879 | D:4      | Killed Natasha
  5246 | D:4      | Reached XP level 7. HP: 46/46 MP: 12/12
  5252 | D:4      | Learned a level 4 spell: Summon Ice Beast
  5367 | D:5      | Entered Level 5 of the Dungeon
  5592 | D:5      | Reached skill level 9 in Summonings
  6418 | D:6      | Found a staircase to the Ecumenical Temple.
  6448 | D:6      | Reached skill level 10 in Summonings
  6448 | D:6      | Reached XP level 8. HP: 52/52 MP: 13/13
  6457 | Temple   | Entered the Ecumenical Temple
  6534 | Temple   | Became a worshipper of Sif Muna the Loreminder
  6921 | D:6      | Reached skill level 1 in Ice Magic
  7221 | D:6      | Found a bloodstained altar of Trog.
  7452 | D:7      | Noticed Zurvan's ghost (experienced HOFi)
  7463 | D:7      | Killed Zurvan's ghost
  7463 | D:7      | Reached skill level 1 in Invocations
  8096 | D:7      | Acquired Sif Muna's first power
  8726 | D:8      | Reached skill level 5 in Ice Magic
  8841 | D:8      | Got a bone halberd
  8842 | D:8      | Identified the +3 halberd of Sunlight {venom, Str+2 Int+2} (You found it on level 8 of the Dungeon)
  8845 | D:8      | Noticed a hill giant
  8851 | D:8      | Killed a hill giant
  8851 | D:8      | Reached XP level 9. HP: 57/57 MP: 14/14
  9718 | D:8      | Acquired Sif Muna's second power
  9922 | D:9      | Found a staircase to the Lair.
 10047 | D:9      | Reached XP level 10. HP: 42/63 MP: 1/17
 10047 | D:9      | Reached skill level 5 in Dodging
 11556 | Lair:1   | Entered Level 1 of the Lair of Beasts
 11595 | Lair:1   | Reached skill level 10 in Ice Magic
 12022 | Lair:1   | Acquired Sif Muna's third power
 12035 | Lair:1   | Reached skill level 11 in Ice Magic
 12218 | Lair:2   | Noticed an eight-headed hydra
 12229 | Lair:2   | Killed a nine-headed hydra
 12375 | Lair:2   | Reached XP level 11. HP: 68/68 MP: 11/18
 12458 | Lair:2   | Noticed a black mamba
 12465 | Lair:2   | Killed a black mamba
 12745 | Lair:2   | Noticed a five-headed hydra
 12856 | Lair:2   | Killed a five-headed hydra
 13241 | Lair:2   | Learned a level 5 spell: Summon Forest
 13248 | Lair:2   | Learned a level 6 spell: Monstrous Menagerie
 13285 | Lair:2   | Noticed an oklob plant
 13311 | Lair:2   | Killed an oklob plant
 13802 | Lair:3   | Reached skill level 1 in Translocations
 14797 | Lair:3   | Found a staircase to the Snake Pit.
 15277 | Lair:4   | Noticed Maud
 15527 | Lair:4   | Found a staircase to the Swamp.
 16075 | Lair:4   | Killed Maud
 16418 | Lair:4   | Got a crude brass ring
 16537 | Lair:4   | Found a white marble altar of Elyvilon.
 16835 | Lair:4   | Identified the cursed ring "Ojadol" {Str-3 Dex-2 Stlth+} (You found it on level 4 of the Lair of Beasts)
 17097 | Lair:5   | Reached skill level 1 in Fighting
 17341 | Lair:5   | Noticed a four-headed hydra
 17346 | Lair:5   | Killed a four-headed hydra
 17346 | Lair:5   | Reached skill level 12 in Summonings
 17445 | Lair:5   | Noticed a death yak
 17446 | Lair:5   | Noticed a death yak
 17450 | Lair:5   | Noticed a death yak
 17451 | Lair:5   | Noticed a death yak
 17452 | Lair:5   | Noticed a death yak
 17453 | Lair:5   | Killed a death yak
 17457 | Lair:5   | Killed a death yak
 17457 | Lair:5   | Reached XP level 12. HP: 42/78 MP: 8/21
 17461 | Lair:5   | Killed a death yak
 17466 | Lair:5   | Killed a death yak
 17484 | Lair:5   | Killed a death yak
 17678 | Lair:5   | Identified the Compendium of the Firefly
 18153 | Lair:5   | Noticed a death yak
 18154 | Lair:5   | Noticed a death yak
 18158 | Lair:5   | Noticed a death yak
 18160 | Lair:5   | Noticed a death yak
 18162 | Lair:5   | Killed a death yak
 18167 | Lair:5   | Killed a death yak
 18170 | Lair:5   | Killed a death yak
 18172 | Lair:5   | Killed a death yak
 18230 | Lair:5   | Learned a level 2 spell: Blink
 18822 | Lair:6   | Noticed a six-headed hydra
 18826 | Lair:6   | Killed a six-headed hydra
 18826 | Lair:6   | Received a gift from Sif Muna
 18826 | Lair:6   | Reached skill level 5 in Translocations
 18827 | Lair:6   | Identified Sif Muna's Collected Works on Confrontation and the Frostbite {god gift} (Sif Muna gifted it to you on level 6 of the Lair of Beasts)
 18863 | Lair:6   | Reached skill level 5 in Fighting
 18970 | Lair:6   | Reached skill level 1 in Polearms
 20045 | Lair:7   | Found a viscous altar of Jiyva.
 20045 | Lair:7   | Found a staircase to the Slime Pits.
 20630 | Lair:7   | Noticed an eight-headed hydra
 20636 | Lair:7   | Killed an eight-headed hydra
 20963 | Lair:7   | Noticed a six-headed hydra
 20970 | Lair:7   | Killed a six-headed hydra
 21631 | Lair:8   | Entered Level 8 of the Lair of Beasts
 21638 | Lair:8   | Reached XP level 13. HP: 83/91 MP: 2/22
 21646 | Lair:8   | Reached skill level 5 in Polearms
 21652 | Lair:8   | Reached skill level 13 in Summonings
 21869 | Lair:8   | Noticed Nergalle
 21879 | Lair:8   | Killed Nergalle
 21889 | Lair:8   | Found a dark tunnel.
 21942 | Volcano  | Entered a volcano
 22105 | Volcano  | Found a radiant altar of Vehumet.
 22374 | Volcano  | Received a gift from Sif Muna
 23111 | Lair:8   | Noticed an ice dragon
 23122 | Lair:8   | Killed an ice dragon
 23613 | Lair:8   | Noticed Erica
 23622 | Lair:8   | Killed Erica
 24442 | D:10     | Entered Level 10 of the Dungeon
 24593 | D:10     | Reached XP level 14. HP: 88/98 MP: 7/22
 24874 | D:10     | Found Shroomyr's General Store.
 24973 | D:10     | Found Qedeurea's Armour Boutique.
 24979 | D:10     | Bought a +2 pair of boots of flying for 279 gold pieces
 24979 | D:10     | Bought the +2 shield of Resistance {rF+ rC+ MR+} for 534 gold pieces
 24994 | D:10     | Found Uczoa's Book Boutique.
 25352 | D:11     | Reached skill level 10 in Polearms
 25954 | D:12     | Reached skill level 1 in Shields
 26506 | D:12     | Noticed Harold
 26519 | D:12     | Killed Harold
 26608 | D:12     | Found a staircase to the Orcish Mines.
 26731 | D:12     | Found a roughly hewn altar of Beogh.
 27077 | D:13     | Noticed Fannar
 27108 | D:13     | Killed Fannar
 27532 | D:13     | Found Paruaful's Gadget Emporium.
 28378 | D:13     | Reached skill level 14 in Summonings
 28410 | D:13     | Reached XP level 15. HP: 85/103 MP: 23/23
 29009 | D:13     | Reached skill level 5 in Shields
 29724 | D:14     | Noticed a sphinx
 29741 | D:14     | Killed a sphinx
 30029 | D:14     | Slain by an ettin

Action                   |  1- 3 |  4- 6 |  7- 9 | 10-12 | 13-15 || total
-------------------------+-------+-------+-------+-------+-------++-------
Melee: Whip              |    77 |       |       |       |       ||    77
       Unarmed           |     9 |       |       |       |       ||     9
       Dagger            |   111 |     2 |       |       |       ||   113
       Trident           |       |   313 |   232 |       |       ||   545
       Halberd           |       |       |   109 |   274 |       ||   383
       Demon trident     |       |       |       |   253 |   758 ||  1011
 Cast: Summon Small Mamm |     8 |    13 |       |       |       ||    21
       Call Canine Famil |     6 |    19 |    35 |    11 |       ||    71
       Call Imp          |     3 |    29 |    13 |       |       ||    45
       Summon Ice Beast  |       |       |    65 |   154 |    25 ||   244
       Monstrous Menager |       |       |       |    38 |    63 ||   101
       Summon Forest     |       |       |       |    19 |    29 ||    48
       Blink             |       |       |       |     2 |     3 ||     5
Invok: Channel Energy    |       |       |    50 |   176 |   134 ||   360
       Forget Spell      |       |       |       |     3 |       ||     3
 Abil: Evoke Berserk Rag |       |       |     1 |       |       ||     1
       Bottle Blood      |       |       |       |    32 |    55 ||    87
Evoke: Wand              |       |     7 |       |     5 |     2 ||    14
  Use: Potion            |     1 |     1 |     2 |    62 |    78 ||   144
       Scroll            |     2 |     5 |     9 |    16 |    22 ||    54
 Stab: Sleeping          |     7 |     4 |     8 |    15 |    14 ||    48
       Distracted        |     2 |     5 |     2 |     4 |     7 ||    20
       Confused          |       |     3 |       |       |       ||     3
       Paralysed         |       |       |       |     2 |       ||     2
  Eat: Corpse            |    20 |    18 |    42 |    52 |    26 ||   158
